cohdb
Replays
Latest Replays
All Replays
Popular Replays
Top Player Replays
Match Explorer
How It Works
Community
CoH3 Stats
Reddit
Sign in to upload your games and track your stats! →
Sign in with Steam
Match 42936446
Unlisted
Match 42936446
Overview
Messages
Build Orders
End
Kettenkrad Recon Vehicle
Construct Infanterie Kompanie
Selects Terror Battlegroup
Selects Machine Gun Camouflage
MG 42 Machine Gun Team
MG 42 Machine Gun Team
Pioneer Squad
Grenadier Squad
MG 42 Bunker
GrW 34 Mortar Team
Construct Luftwaffe Kompanie
MG 42 Machine Gun Team
221 Scout Car
Support Elements
Pioneer Squad
Selects Contempt for the Weak
Selects Propaganda Leaflet Drop
Marder III M Tank Destroyer
Jäger Squad
Wirbelwind Flakpanzer
Pioneer Squad
Guderian ITA
Backslider
0
0
Comments
sign in to comment!
No comments posted yet!